 Dungeon Crawl Stone Soup version 0.21.0 (webtiles) character file.

70 MovingMist the Skirmisher (level 4, -3/40 HPs)
             Began as a Hill Orc Fighter on Jan 7, 2018.
             Was a Follower of Lugonu.
             Slain by a thrashing horror (7 damage)
             ... on level 1 of the Abyss.
             The game lasted 00:03:26 (1998 turns).

MovingMist the Skirmisher (Hill Orc Fighter)        Turns: 1998, Time: 00:03:27

Health: -3/40      AC: 12    Str: 18    XL:     4   Next: 21%
Magic:  4/4        EV:  5    Int:  8    God:    Lugonu [*.....]
Gold:   33         SH:  9    Dex: 11    Spells: 3/3 levels left

rFire    + . .     SeeInvis .   a - +0 war axe
rCold    . . .     Gourm    .   c - +0 shield
rNeg     . . .     Faith    .   t - +0 chain mail
rPois    .         Spirit   .   q - +0 helmet
rElec    .         Reflect  .   p - +0 cloak (curse)
rCorr    .         Harm     .   (no gloves)
MR       .....                  l - +0 pair of boots
Stlth    ..........             (no amulet)
HPRegen  0.13/turn              o - ring of protection from fire
MPRegen  0.09/turn              (no ring)

@: no status effects
A: no striking features
a: Depart the Abyss, Renounce Religion


You were on level 1 of the Abyss.
You worshipped Lugonu.
Lugonu was aware of your devotion.
You were hungry.

You visited 1 branch of the dungeon, and saw 2 of its levels.
You visited the Abyss 1 time.

You collected 33 gold pieces.

Inventory:

Hand Weapons
 a - a +0 war axe (weapon)
Armour
 c - a +0 shield (worn)
 l - a +0 pair of boots (worn)
 p - a cursed +0 cloak (worn)
 q - a +0 helmet (worn)
 t - a +0 chain mail (worn)
Jewellery
 o - a ring of protection from fire (left hand)
Scrolls
 e - 2 scrolls of magic mapping {unknown}
 g - a scroll of identify {unknown}
 h - 2 scrolls of remove curse {unknown}
 i - a scroll of fear {unknown}
 j - a scroll of enchant weapon {unknown}
 n - a scroll of amnesia {unknown}
 s - a scroll of fog {unknown}
Potions
 d - a potion of might
 k - a potion of flight {unknown}
 m - a potion of curing {unknown}
Comestibles
 f - 6 rations
 r - 4 chunks of flesh


   Skills:
 + Level 4.2 Fighting
 + Level 3.5 Axes
 + Level 3.7 Armour
 * Level 1.7 Dodging
 - Level 3.2 Shields


You had 3 spell levels left.
You didn't know any spells.

Dungeon Overview and Level Annotations

Branches:
Dungeon (2/15)

Altars:
Qazlal


Message History

The sticky flame misses you.
You block the thrashing horror's attack.
The thrashing horror tramples you but does no damage.
The thrashing horror roars!
The thrashing horror tramples you but does no damage.
The thrashing horror closely misses you.
You block the smoke demon's attack. x2
The smoke demon hits you but does no damage.
The thrashing horror roars!
The thrashing horror tramples you but does no damage. x2
The ufetubus hits you but does no damage. x2
You block the smoke demon's attack.
The smoke demon hits you but does no damage. x2
Found 35 gold pieces.
There is a corrupted altar of Lugonu here.
You kneel at the altar of Lugonu.
Lugonu welcomes you!
You can now depart the Abyss.
The thrashing horror tramples you!
You die...

..............###. ..
....#..##..# ### # .
..##..##..##..##..#
##.
..............[.##.#.#
...............#. # #
#..##..##.. ##... #
#..##..##..##..###
#### .......X3........
.......@..........
#..##.5##..##..##.#
#3. #..# ..# #.# .5.$
........ ## .....
...... .. #..##..
#..##..# #.. #.. #..#
..# .. ... ... ..


You could see a thrashing horror, a smoke demon, a ynoxinul and 2 ufetubi.

Vanquished Creatures
  2 adders (D:2)
  2 oozes (D:2)
  A worm (D:2)
  A dart slug (D:2)
  2 ball pythons (D:1)
  7 bats
  A bat skeleton (D:2)
  4 goblins
  8 hobgoblins
  A quokka (D:2)
  A frilled lizard (D:1)
  2 kobolds (D:1)
  2 rats
34 creatures vanquished.

Notes
Turn   | Place    | Note
-------+----------+-------------------------------------------
     0 | D:1      | MovingMist the Hill Orc Fighter began the quest for the Orb.
     0 | D:1      | Reached XP level 1. HP: 19/19 MP: 1/1
   219 | D:1      | Reached XP level 2. HP: 27/27 MP: 2/2
   914 | D:1      | Reached skill level 1 in Dodging
  1068 | D:2      | Reached XP level 3. HP: 30/33 MP: 3/3
  1107 | D:2      | Reached skill level 4 in Fighting
  1159 | D:2      | Found a stormy altar of Qazlal.
  1259 | D:2      | HP: 1/33 [poisoned by an adder]
  1598 | D:2      | Reached XP level 4. HP: 40/40 MP: 4/4
  1873 | D:2      | Cast into level 1 of the Abyss (goblin)
  1961 | Abyss:1  | Noticed a thrashing horror
  1980 | Abyss:1  | Found a corrupted altar of Lugonu.
  1991 | Abyss:1  | Noticed a smoke demon
  1994 | Abyss:1  | Noticed a ynoxinul
  1998 | Abyss:1  | Became a worshipper of Lugonu the Unformed
  1998 | Abyss:1  | Reached * piety under Lugonu
  1998 | Abyss:1  | Slain by a thrashing horror

Skill      XL: |  1  2  3 |
---------------+----------+-----
Axes           | 3 |  3.5
Dodging        | 1 |  1.7
Fighting       | 4 |  4.2
Armour         | |  3.7
Shields        | |  3.2

Action                   |  1- 3 |  4- 6 || total
-------------------------+-------+-------++-------
Melee: War axe           |    80 |    29 ||   109
  Eat: Chunk             |     2 |     1 ||     3
Armor: Scale mail        |    58 |     9 ||    67
       Chain mail        |       |    24 ||    24
Dodge: Dodged            |    24 |    12 ||    36
Block: Shield            |    39 |    32 ||    71
